 Dungeon Crawl Stone Soup version 0.22.0-6-g71bd7aa (webtiles) character file.

161 HEYYEYAAE the Poker (level 4, 0/40 HPs)
             Began as a Demigod Fighter on Aug 15, 2018.
             Succumbed to a worker ant's poison
             ... on level 3 of the Dungeon.
             The game lasted 00:02:51 (2478 turns).

HEYYEYAAE the Poker (Demigod Fighter)               Turns: 2478, Time: 00:02:52

Health: 0/40       AC:  7    Str: 18 (21) XL:     4   Next: 97%
Magic:  6/6        EV:  9    Int: 16 (17) God:
Gold:   184        SH:  0    Dex: 14 (15) Spells: 3/3 levels left

rFire    + . .     SeeInvis +   q - -2 spear (curse)
rCold    + . .     Gourm    .   (no shield)
rNeg     . . .     Faith    .   b - +0 scale mail
rPois    +         Spirit   .   (no helmet)
rElec    +         Reflect  .   (no cloak)
rCorr    +         Harm     .   j - +0 pair of gloves
MR       .....                  (no boots)
Stlth    ..........             (no amulet)
HPRegen  0.13/turn              p - ring of see invisible
MPRegen  0.10/turn              (no ring)

@: brilliant, lethally poisoned (0 -> -4), resistant, berserk cooldown, very
slightly contaminated, hasted and slowed, invisible
A: blink, high mp 1
a: Blink


You were on level 3 of the Dungeon.
You were not hungry.

You visited 1 branch of the dungeon, and saw 3 of its levels.

You collected 184 gold pieces.

Inventory:

Hand Weapons
 a - a +0 trident
 q - a cursed -2 spear (weapon)
Armour
 b - a +0 scale mail (worn)
 j - a +0 pair of gloves (worn)
Jewellery
 p - a ring of see invisible (left hand)
Scrolls
 c - a scroll of fog {unknown}
 h - a scroll of identify {unknown}
 i - a scroll of enchant armour {unknown}
 l - a scroll of blinking {unknown}
 s - a scroll of amnesia {unknown}
Potions
 d - a potion of might
Comestibles
 f - 4 rations


   Skills:
 + Level 3.7 Fighting
 * Level 4.2 Polearms
 - Level 2.6 Armour
   Level 2.6 Shields


You had 3 spell levels left.
You didn't know any spells.
Your spell library was empty.

Dungeon Overview and Level Annotations

Branches:
Dungeon (3/15)


Innate Abilities, Weirdness & Mutations

You have an increased reservoir of magic. (+10% MP)
You can translocate small distances at will.


Message History

* * * LOW HITPOINT WARNING * * *
You feel sick.
It was a potion of degeneration.
There was something very wrong with that liquid.
You feel weakened.
You feel dopey.
You feel clumsy.
* * * LOW HITPOINT WARNING * * *
You feel sick.
It was a potion of invisibility.
You fade into invisibility!
You are very lightly contaminated with residual magic.
Okay, then.
* * * LOW HITPOINT WARNING * * *
You feel sick.
* * * LOW HITPOINT WARNING * * *
You feel sick.
A quokka comes into view.
Found a scroll labeled POASIUHIYQUO.
Found a stone staircase leading down.
* * * LOW HITPOINT WARNING * * *
You feel sick.
You die...

#.# # ... #.# # #.#
#. #.# #.#
#.#####.#### #.#
##........... ##.#
#..........## ..#
#.##.#####.# ####.#
#.##<## #.#
#..>@####.#...####.##
#....................
#....####.#...####[##
##.......#...## #.#
#..#####.#### #.# #r.
#.# #.# .... #.# #.#
##### #.# #.# #.. ..#


You could see a quokka (wandering).

Vanquished Creatures
  2 worker ants
  2 adders (D:2)
  4 oozes
  2 worms
  2 dart slugs (D:1)
  2 leopard geckos
  2 orcs
  5 giant cockroaches
  4 goblins
  8 hobgoblins
  7 jackals (D:1)
  6 kobolds
  A quokka (D:3)
  5 bats
  6 frilled lizards
  7 rats
65 creatures vanquished.

Notes
Turn   | Place    | Note
-------+----------+-------------------------------------------
     0 | D:1      | HEYYEYAAE the Demigod Fighter began the quest for the Orb.
     0 | D:1      | Reached XP level 1. HP: 18/18 MP: 3/3
    55 | D:1      | Reached skill level 2 in Polearms
   110 | D:1      | Reached XP level 2. HP: 19/25 MP: 4/4
   443 | D:1      | Reached XP level 3. HP: 4/31 MP: 5/5
   480 | D:2      | Reached skill level 3 in Polearms
   785 | D:1      | Found a glowing golden altar of the Shining One.
  1539 | D:2      | Reached XP level 4. HP: 31/38 MP: 6/6
  1703 | D:2      | Found a sparkling altar of Nemelex Xobeh.
  2216 | D:3      | Reached skill level 4 in Polearms
  2469 | D:3      | Gained mutation: Scrolls take you a little longer to read. [potion of mutation]
  2469 | D:3      | Lost mutation: Scrolls take you a little longer to read. [potion of mutation]
  2469 | D:3      | Gained mutation: You can translocate small distances at will. [potion of mutation]
  2474 | D:3      | HP: 2/40 [poisoned by a worker ant]
  2478 | D:3      | Succumbed to a worker ant's poison

Skill      XL: |  1  2  3  4 |
---------------+-------------+-----
Polearms       | 2 3 4 |  4.2
Fighting       | 3 |  3.7
Armour         | |  2.6
Shields        | |  2.6

Action                   |  1- 3 |  4- 6 || total
-------------------------+-------+-------++-------
Melee: Trident           |   157 |    16 ||   173
       Spear             |       |    87 ||    87
  Use: Potion            |       |     7 ||     7
  Eat: Chunk             |     2 |       ||     2
       Ration            |       |     1 ||     1
Armor: Scale mail        |    93 |    40 ||   133
Dodge: Dodged            |    94 |    49 ||   143
